 Dungeon Crawl Stone Soup version 0.21-a0-426-g98080a9 (webtiles) character file.

125328 Laiders the Bludgeoner (level 16, -4/159 HPs)
             Began as a Deep Dwarf Fighter on Nov 7, 2017.
             Was the Champion of Makhleb.
             Slain by Mara (illusionary)
             ... wielding a +1 demon trident of flaming
              (11 damage)
             ... on level 4 of the Swamp.
             The game lasted 01:49:10 (24398 turns).

Laiders the Bludgeoner (Deep Dwarf Fighter)        Turns: 24398, Time: 01:49:10

Health: -4/159     AC: 25    Str: 28    XL:     16   Next: 41%
Magic:  0/0        EV:  8    Int: 14    God:    Makhleb [******]
Gold:   1650       SH: 15    Dex: 16    Spells: 15/15 levels left

rFire    . . .     SeeInvis +   N - +5 morningstar (vamp)
rCold    + . .     Gourm    .   Z - +0 shield {reflect}
rNeg     + + .     Faith    .   d - +2 plate armour {MR+}
rPois    +         Spirit   .   p - +1 helmet
rElec    .         Reflect  +   t - scarf {repulsion}
rCorr    .         Harm     .   M - +0 pair of gloves
MR       +....                  C - +2 pair of boots
Stlth    ..........             (no amulet)
HPRegen  0.00/turn              P - ring "Viawokh" {rPois Str+2 SInv}
MPRegen  0.07/turn              J - ring "Meawadwi" {rN+ Int+6 Dex+2}

@: vulnerable, non-regenerating, repel missiles
A: damage resistance, heal wounds, agile 1, cold resistance 1, dopey 1, negative
energy resistance 1, sense surroundings 2, no regeneration
a: Heal Wounds, Minor Destruction, Lesser Servant of Makhleb, Major Destruction,
Greater Servant of Makhleb, Renounce Religion


You were on level 4 of the Swamp.
You worshipped Makhleb.
Makhleb was exalted by your worship.
You were not hungry.

You visited 4 branches of the dungeon, and saw 24 of its levels.
You also visited: Labyrinth, Ossuary and Bailey.

You collected 1650 gold pieces.

Inventory:

Hand Weapons
 N - a +5 vampiric morningstar (weapon)
Missiles
 w - 32 tomahawks (quivered)
 D - a throwing net
Armour
 d - a +2 plate armour of magic resistance (worn)
 e - a scarf of resistance
 p - a +1 helmet (worn)
 t - a scarf of repulsion (worn)
 C - a +2 pair of boots (worn)
 M - a +0 pair of gloves (worn)
 T - a +1 large shield of protection
 Z - a +0 shield of reflection (worn)
Jewellery
 F - an uncursed ring of protection from cold
 J - the ring "Meawadwi" (right hand) {rN+ Int+6 Dex+2}
   (You acquired it on level 1 of the Swamp)

   [ring of dexterity]

   It affects your intelligence (+6).
   It affects your dexterity (+2).
   It protects you from negative energy.
 P - the ring "Viawokh" (left hand) {rPois Str+2 SInv}
   (You found it in a labyrinth)

   [ring of poison resistance]

   It affects your strength (+2).
   It protects you from poison.
   It lets you see invisible.
 Y - an uncursed ring of flight
Wands
 g - a wand of iceblast (4/15)
 j - a wand of digging (10/24)
 n - a wand of flame (39/48)
 G - a wand of clouds (4/9)
 H - a wand of lightning (4/15)
 Q - a wand of confusion (2/48)
 S - a wand of polymorph (17/24)
 W - a wand of paralysis (12/24)
Scrolls
 a - 2 scrolls of fear
 c - a scroll of fog
 k - 16 scrolls of teleportation
 l - 3 scrolls of recharging
 q - 3 scrolls of identify
 y - 2 scrolls of enchant armour
 E - 2 scrolls of magic mapping
 I - 4 scrolls of remove curse
 K - 5 scrolls of enchant weapon
Potions
 b - 2 potions of might
 h - 16 potions of curing
 i - 4 potions of heal wounds
 m - 9 potions of brilliance
 o - a potion of mutation
 r - 2 potions of invisibility
 z - 2 potions of flight
 A - 4 potions of cancellation
 L - 3 potions of lignification
 X - 3 potions of ambrosia
Miscellaneous
 v - a fan of gales
 x - a phantom mirror
Comestibles
 f - 11 bread rations
 s - 7 meat rations
 u - 3 royal jellies
 U - 61 fruits


   Skills:
 * Level 14.1 Fighting
 - Level 16.0 Maces & Flails
 * Level 12.3 Armour
 + Level 14.7 Shields
 - Level 12.0 Invocations


You had 15 spell levels left.
You didn't know any spells.

Dungeon Overview and Level Annotations

Branches:
Dungeon (13/15)            Temple (1/1) D:4            Lair (6/6) D:8
  Swamp (4/4) Lair:4        Snake (0/4) Lair:2        Slime (0/5) Lair:6
    Orc (0/2) D:10
 Vaults: D:13-14

Altars:
Cheibriados
Elyvilon
Fedhas
Kikubaaqudgha
Makhleb
Nemelex Xobeh
Okawaru
Qazlal
Ru
Sif Muna
Trog
Uskayaw
Vehumet
Wu Jian
Xom
Yredelemnul
Zin
The Shining One

Shops:
D:4 (

Portals:
Trove: D:10 (give +5 demon trident)

Annotations:
Swamp:4 Mara


Innate Abilities, Weirdness & Mutations

You are resistant to damage.
You can heal yourself by infusing magical energy.
You resist negative energy. (rN+)
You passively map the area around you.
You do not regenerate.
You are agile. (Dex +2)
Your flesh is cold resistant. (rC+)
You are dopey. (Int -2)


Message History

Your hellwing closely misses Mara.
Your hellwing hits Mara but does no damage.
Mara blinks!
Mara hits you but does no damage.
Press: ? - help, v - describe, . - travel
Here: an Executioner (blue smoke, summoned)
The floor.
The Executioner gestures.
The Executioner seems to speed up.
Your hellwing misses Mara. x2
Mara closely misses you. You block the Executioner's attack.
The Executioner hits you but does no damage.
You block the Executioner's attack.
Your hellwing misses Mara. Your hellwing hits Mara!
Mara blinks! x2; The Executioner hits you!
* * * LOW HITPOINT WARNING * * *
The Executioner hits you but does no damage. x2
The Executioner hits you but does no damage.
You block the Executioner's attack. x2; Mara blinks! x2
Laiders's illusion laughs at nothing.
Mara hits you from afar with a demon trident of flaming!
You die...

≈≈...≈≈≈≈≈≈≈≈≈≈♣ * *≈
≈≈≈....≈≈≈≈≈≈≈≈♣♣ #... *,
≈≈≈≈≈..≈≈≈≈≈≈≈≈≈♣♣ ...## * *
.≈≈≈≈..≈≈≈≈≈≈≈≈≈.♣ ..≈≈##
...≈≈......≈♣♣≈.≈♣♣#≈≈≈≈≈##
≈..≈≈≈..≈≈§R♣≈♣♣≈♣≈§≈≈≈≈≈≈≈
*
≈..≈≈≈.≈≈≈≈§...≈R4≈≈≈..≈≈≈≈
.≈≈≈≈≈≈≈≈§@§≈..≈≈≈≈§.....≈≈≈
♣≈♣.≈≈≈≈≈≈≈≈§.R≈@1..(♣ *
.♣♣♣♣≈≈≈≈≈≈.≈§....♣§♣♣ ♣♣
♣≈.≈.≈≈....♣♣♣♣§♣
♣.≈♣♣♣....≈§♣♣♣♣♣
♣...≈.♣≈...≈.♣♣
♣♣..≈≈.♣♣.≈§≈.≈♣
♣♣♣♣.§♣.≈.♣♣≈≈≈≈..♣♣
♣≈♣♣.≈.♣♣...≈≈≈≈≈.≈♣♣♣
≈...≈..♣≈.≈≈≈≈≈≈≈≈...♣


You could see 3 Maras, an Executioner, Laiders's illusion (confused) and a
friendly hellwing.

Vanquished Creatures
  Jorgrun (Swamp:4)
  The ghost of zorance the Peltast, an adept MiFi of Gozag (Swamp:4)
  Gastronok (Lair:2)
  2 thorn hunters (Swamp:4)
  Donald (Swamp:1)
  Aizul (Swamp:1)
  A minotaur (Lab)
  Fannar (D:10)
  11 hydras
  The ghost of HAL9000 the Slicer, a journeyman VSAs of Dithmenos (Lair:4)
  9 alligators
  3 two-headed ogres
  A merfolk avatar (Lair:6)
  10 death yaks (Lair:6)
  A spectral hydra (Swamp:4)
  6 swamp dragons
  2 shambling mangroves
  An orc knight (D:12)
  A phantasmal warrior (Swamp:4)
  2 cyclopes (D:13)
  2 manticores
  11 ugly things
  2 elephants (Lair:6)
  Joseph (D:7)
  3 black mambas
  21 spiny frogs
  3 gargoyles
  A swamp worm zombie (Swamp:4)
  20 komodo dragons
  4 rime drakes
  A tengu conjurer (D:13)
  A troll (D:11)
  2 hydra zombies (Swamp:4)
  8 tyrant leeches
  3 wind drakes (Lair:6)
  3 polar bears (Lair:6)
  6 bog bodies
  9 hornets
  2 spectral swamp dragons (Swamp:4)
  11 hippogriffs
  Grinder (D:3)
  25 blink frogs
  5 alligator zombies (Swamp:4)
  17 slime creatures
  13 dream sheep
  A shadow (Swamp:3)
  5 spriggans
  Sigmund (D:2)
  4 wyverns
  59 yaks
  4 basilisks
  5 hungry ghosts
  6 vampire mosquitoes (Swamp:1)
  23 swamp worms
  A naga (Lair:2)
  A warg (D:12)
  5 insubstantial wisps (Swamp:3)
  12 water moccasins
  2 hell hounds (D:8)
  5 porcupines
  Duvessa (D:7)
  3 ice beasts
  3 swamp drakes
  3 sky beasts (D:9)
  3 black bears
  24 wolves
  A swamp dragon zombie (Swamp:4)
  3 necrophages
  2 ogres
  24 orc warriors
  7 phantoms
  18 centaurs
  15 crocodiles
  4 big kobolds
  20 bullfrogs
  A water moccasin zombie (D:9)
  Dowan (D:7)
  3 scorpions
  17 killer bees
  A troll zombie (D:10)
  8 howler monkeys
  8 wights
  3 electric eels
  4 crimson imps
  3 bullfrog zombies
  A centaur zombie (D:7)
  A quasit (D:11)
  2 centaur skeletons (D:4)
  Crazy Yiuf (D:4)
  6 hounds
  A gnoll shaman (D:5)
  6 orc priests
  Jessica (D:3)
  7 iguanas
  10 orc wizards
  Natasha (thrice) (D:2)
  10 worker ants
  6 hell rats (Lair:4)
  A spectral swamp drake (Swamp:4)
  A big kobold zombie (Ossuary)
  7 ogre zombies (D:10)
  A hound zombie (D:9)
  3 hound skeletons
  8 mummies (Ossuary)
  Robin (D:2)
  9 adders
  5 gnolls
  3 shadow imps
  A swamp drake zombie (Swamp:4)
  9 oozes
  An adder skeleton (D:6)
  An adder zombie (D:7)
  2 worms
  3 dart slugs
  6 leopard geckos
  77 orcs
  5 bats
  6 giant cockroaches
  16 goblins
  5 hobgoblins
  13 jackals
  5 quokkas
  7 frilled lizards
  A gnoll zombie (Ossuary)
  3 goblin zombies (D:10)
  2 hobgoblin skeletons (D:10)
  2 hobgoblin zombies
  A jackal zombie (D:8)
  21 kobolds
  2 kobold zombies (Ossuary)
  A leopard gecko skeleton (D:4)
  3 orc skeletons (D:10)
  19 orc zombies
  A quokka zombie (D:7)
  11 rats
  A fungus (Lair:6)
  4 plants
869 creatures vanquished.

Vanquished Creatures (collateral kills)
  A spiny frog (Lair:3)
  10 wolves (Lair:3)
11 creatures vanquished.

Vanquished Creatures (others)
  An alligator (Swamp:4)
  An insubstantial wisp (Swamp:4)
  9 fungi
  15 plants
26 creatures vanquished.

Grand Total: 906 creatures vanquished

Notes
Turn   | Place    | Note
-------+----------+-------------------------------------------
     0 | D:1      | Laiders the Deep Dwarf Fighter began the quest for the Orb.
     0 | D:1      | Reached XP level 1. HP: 20/20 MP: 1/1
     1 | D:1      | Found a runed door.
   103 | D:1      | Reached XP level 2. HP: 22/27 MP: 2/2
   227 | D:1      | Reached skill level 3 in Maces & Flails
   801 | D:1      | Reached XP level 3. HP: 20/33 MP: 3/3
  1021 | D:1      | Reached skill level 4 in Maces & Flails
  1080 | D:2      | Reached XP level 4. HP: 40/40 MP: 4/4
  1084 | D:2      | Noticed Robin
  1115 | D:2      | Noticed Sigmund
  1115 | D:2      | Killed Robin
  1117 | D:2      | Noticed Natasha
  1130 | D:2      | Killed Sigmund
  1130 | D:2      | Reached skill level 6 in Maces & Flails
  1130 | D:2      | Reached XP level 5. HP: 26/46 MP: 5/5
  1133 | D:2      | Killed Natasha
  1133 | D:2      | Reached XP level 6. HP: 26/55 MP: 6/6
  1473 | D:2      | Found a hide-covered altar of Uskayaw.
  1475 | D:2      | Noticed Natasha
  1485 | D:2      | Killed Natasha
  1646 | D:2      | Noticed Natasha
  1656 | D:2      | Killed Natasha
  1798 | D:3      | Noticed Grinder
  1810 | D:3      | Paralysed by Grinder for 2 turns
  1847 | D:3      | Reached skill level 7 in Maces & Flails
  1852 | D:3      | Killed Grinder
  1852 | D:3      | Reached skill level 8 in Maces & Flails
  1852 | D:3      | Reached XP level 7. HP: 27/61 MP: 4/4
  2068 | D:3      | Noticed Jessica
  2073 | D:3      | Killed Jessica
  2466 | D:3      | Found a faded altar of an unknown god.
  2466 | D:3      | Found an iron altar of Okawaru.
  2475 | D:3      | Found a faded altar of an unknown god.
  2482 | D:3      | Found a stormy altar of Qazlal.
  2484 | D:3      | Found a glowing silver altar of Zin.
  2721 | D:4      | Found a runed door.
  2781 | D:4      | Found a staircase to the Ecumenical Temple.
  2797 | Temple   | Entered the Ecumenical Temple
  2909 | Temple   | Became a worshipper of Makhleb the Destroyer
  3139 | D:4      | Reached skill level 9 in Maces & Flails
  3165 | D:4      | Found Zuumed's Weapon Boutique.
  3429 | D:4      | Noticed Crazy Yiuf
  3437 | D:4      | Killed Crazy Yiuf
  3484 | D:5      | Entered Level 5 of the Dungeon
  3551 | D:5      | Reached XP level 8. HP: 65/68 MP: 4/4
  3875 | D:5      | Reached skill level 10 in Maces & Flails
  4743 | D:6      | Found a blossoming altar of Fedhas.
  4762 | D:6      | Reached * piety under Makhleb
  4770 | D:6      | Reached skill level 11 in Maces & Flails
  4841 | D:6      | Found an ancient bone altar of Kikubaaqudgha.
  5424 | D:7      | Noticed Dowan
  5425 | D:7      | Noticed Duvessa
  5436 | D:7      | Killed Duvessa
  5449 | D:7      | Killed Dowan
  5449 | D:7      | Gained mutation: You passively map the area around you. [Deep Dwarf growth]
  5449 | D:7      | Reached XP level 9. HP: 41/74 MP: 5/5
  5503 | D:7      | Found a sand-covered staircase.
  5517 | Ossuary  | Entered an ossuary
  5870 | D:7      | Reached skill level 12 in Maces & Flails
  5872 | D:7      | Reached ** piety under Makhleb
  6111 | D:7      | Noticed Joseph
  6137 | D:7      | Killed Joseph
  6422 | D:8      | Found a flagged portal.
  6508 | D:8      | Found a deep blue altar of Sif Muna.
  6614 | D:8      | Reached skill level 13 in Maces & Flails
  6773 | D:8      | Found a staircase to the Lair.
  6995 | Bailey   | Entered a bailey
  7290 | Bailey   | Reached XP level 10. HP: 36/81 MP: 2/2
  7304 | Bailey   | Reached skill level 14 in Maces & Flails
  7361 | Bailey   | Reached *** piety under Makhleb
  7747 | D:8      | Noticed a two-headed ogre
  7762 | D:8      | Killed a two-headed ogre
  8052 | D:9      | Reached skill level 5 in Fighting
  8099 | D:9      | Reached skill level 5 in Invocations
  8168 | D:9      | Reached **** piety under Makhleb
  8712 | D:9      | Noticed a two-headed ogre
  8739 | D:9      | Killed a two-headed ogre
  8744 | D:9      | Reached XP level 11. HP: 66/98 MP: 3/5
  8991 | D:10     | Entered Level 10 of the Dungeon
  9173 | D:10     | Found a staircase to the Orcish Mines.
  9188 | D:10     | Noticed a two-headed ogre
  9236 | D:10     | Killed a two-headed ogre
  9277 | D:10     | Reached ***** piety under Makhleb
  9380 | D:10     | Found a portal to a secret trove of treasure.
  9717 | D:10     | Reached skill level 10 in Invocations
  9818 | D:10     | Noticed Fannar
  9878 | D:10     | Killed Fannar
 10319 | D:11     | Noticed a four-headed hydra
 10339 | D:11     | Killed a four-headed hydra
 10462 | D:11     | Noticed a red ugly thing
 10469 | D:11     | Noticed a red ugly thing
 10477 | D:11     | Killed a red ugly thing
 10483 | D:11     | Killed a red ugly thing
 10560 | D:11     | Noticed a green ugly thing
 10571 | D:11     | Killed a green ugly thing
 11013 | D:11     | Reached XP level 12. HP: 114/114 MP: 4/4
 11398 | D:11     | Reached XP level 13. HP: 121/121 MP: 5/5
 11405 | D:11     | Gained mutation: You can translocate small distances at will. [potion of mutation]
 11405 | D:11     | Gained mutation: You are weak. (Str -2) [potion of mutation]
 11405 | D:11     | Gained mutation: You are frail. (-10% HP) [potion of mutation]
 11405 | D:11     | Gained mutation: You are partially covered in molten scales. (AC +2) [potion of mutation]
 11407 | D:11     | Lost mutation: You can translocate small distances at will. [potion of mutation]
 11407 | D:11     | Lost mutation: You are weak. (Str -2) [potion of mutation]
 11407 | D:11     | Lost mutation: You are partially covered in molten scales. (AC +2) [potion of mutation]
 11407 | D:11     | Lost mutation: You are frail. (-10% HP) [potion of mutation]
 11407 | D:11     | Gained mutation: You are agile. (Dex +2) [potion of mutation]
 11407 | D:11     | Gained mutation: You have supernaturally acute eyesight. (SInv) [potion of mutation]
 11721 | D:12     | Found a labyrinth entrance.
 11767 | Lab      | Entered a labyrinth
 12252 | Lab      | Found an exit through the horrors of the Abyss.
 12288 | Lab      | Found an exit through the horrors of the Abyss.
 12529 | Lab      | Found an exit through the horrors of the Abyss.
 12699 | Lab      | Found an exit through the horrors of the Abyss.
 13084 | Lab      | Noticed a minotaur
 13093 | Lab      | Killed a minotaur
 13099 | Lab      | Got a fine jade ring
 13100 | Lab      | Got a creamy pearl robe
 13202 | Lab      | Identified the +0 robe of Suozeamira {Regen+ rCorr} (You found it in a labyrinth)
 13232 | D:12     | Identified the ring "Viawokh" {rPois Str+2 SInv} (You found it in a labyrinth)
 13234 | D:12     | Lost mutation: You are agile. (Dex +2) [potion of mutation]
 13234 | D:12     | Lost mutation: You have supernaturally acute eyesight. (SInv) [potion of mutation]
 13234 | D:12     | Gained mutation: Your muscles are strong. (Str +2) [potion of mutation]
 13234 | D:12     | Gained mutation: Your mind is acute. (Int +2) [potion of mutation]
 13313 | D:12     | Reached skill level 10 in Fighting
 13808 | D:12     | Reached ****** piety under Makhleb
 14447 | D:13     | Noticed a balrug
 14451 | D:13     | Noticed a balrug
 14454 | D:13     | HP: 2/128 [balrug/vampiric demon whip[the player character] (15)]
 14608 | Lair:1   | Entered Level 1 of the Lair of Beasts
 15616 | Lair:2   | Noticed Gastronok
 15639 | Lair:2   | Killed Gastronok
 15639 | Lair:2   | Gained mutation: You resist negative energy. (rN+) [Deep Dwarf growth]
 15639 | Lair:2   | Reached XP level 14. HP: 138/138 MP: 4/4
 15935 | Lair:2   | Found the +3 hat of Pondering {ponderous, MR+ MP+10 Int+5}
 15941 | Lair:2   | Found a staircase to the Snake Pit.
 16397 | Lair:3   | Reached skill level 15 in Maces & Flails
 16458 | Lair:3   | Reached skill level 10 in Shields
 17115 | Lair:4   | Noticed HAL9000's ghost (journeyman VSAs)
 17132 | Lair:4   | Killed HAL9000's ghost
 17332 | Lair:4   | Found a staircase to the Swamp.
 18424 | Lair:5   | Reached skill level 16 in Maces & Flails
 18969 | Lair:6   | Entered Level 6 of the Lair of Beasts
 19380 | Lair:6   | Reached XP level 15. HP: 144/144 MP: 4/4
 19383 | Lair:6   | Lost mutation: Your muscles are strong. (Str +2) [potion of mutation]
 19383 | Lair:6   | Lost mutation: Your mind is acute. (Int +2) [potion of mutation]
 19383 | Lair:6   | Gained mutation: Your flesh is cold resistant. (rC+) [potion of mutation]
 19383 | Lair:6   | Gained mutation: You are dopey. (Int -2) [potion of mutation]
 19383 | Lair:6   | Gained mutation: You are agile. (Dex +2) [potion of mutation]
 19385 | Lair:6   | Identified a scroll of acquirement
 19756 | Lair:6   | Identified Sif Muna's Almanac of Flames
 20591 | Lair:6   | Found a staircase to the Slime Pits.
 20782 | Swamp:1  | Entered Level 1 of the Swamp
 20782 | Swamp:1  | Noticed Donald
 20803 | Swamp:1  | Killed Donald
 21095 | Swamp:1  | Noticed Aizul
 21122 | Swamp:1  | Killed Aizul
 21122 | Swamp:1  | Reached skill level 10 in Armour
 21250 | Swamp:1  | Got a scorched ivory ring
 21254 | Swamp:1  | Identified the ring "Meawadwi" {rN+ Int+6 Dex+2} (You acquired it on level 1 of the Swamp)
 22947 | Swamp:3  | Reached XP level 16. HP: 157/157 MP: 5/5
 23413 | Swamp:4  | Entered Level 4 of the Swamp
 23497 | Swamp:4  | Noticed Jorgrun
 23508 | Swamp:4  | Killed Jorgrun
 23568 | Swamp:4  | Noticed zorance's ghost (adept MiFi)
 23574 | Swamp:4  | Noticed a thorn hunter
 23594 | Swamp:4  | Killed zorance's ghost
 23599 | Swamp:4  | Killed a thorn hunter
 23612 | Swamp:4  | Noticed Mara
 23652 | Swamp:4  | Noticed Laiders's illusion
 23739 | Swamp:4  | Noticed Laiders's illusion
 24026 | Swamp:4  | Noticed Laiders's illusion
 24194 | Swamp:4  | Noticed a thorn hunter
 24217 | Swamp:4  | Killed a thorn hunter
 24353 | Swamp:4  | Noticed Laiders's illusion
 24395 | Swamp:4  | Noticed an Executioner
 24397 | Swamp:4  | HP: 7/159 [Executioner[the player character] (8)]
 24398 | Swamp:4  | Slain by Mara (illusionary)

Vault maps used:
D:1:      dpeg_arrival_caged_fury
D:2:      lemuel_doored_altar, uniq_sigmund, uniq_natasha, uniq_robin
D:3:      chequers_temple_overflow_minitemple, uniq_jessica, uniq_grinder
D:4:      minmay_temple_entry_butterflies, serial_shops, shop_fountains,
          first_bread, serial_park_tiny_2, uniq_crazy_yiuf_cottage
D:6:      basic_altar, fedhas_altar_1
D:7:      lightli_ossuary_entry_decrepit_ruins, eino_tiny_chamber, uniq_duvessa,
          uniq_joseph
D:8:      minmay_lair_entry_lava, basic_altar, enter_bailey_7
D:10:     zombieorc2_lemuel, enter_trove_1, blue_anna_alchemist, uniq_fannar
D:12:     lab_entry_generic, lightli_minifort
D:13:     evilmike_ruin_ashenzari
Temple:   dpeg_five_rooms_temple
Lair:1:   beast_lair_carwin_large_1, grunt_megastairs_3
Lair:2:   guppyfry_snake_entry_garden, lemuel_fruit_fields, grunt_megastairs_2,
          lemuel_fruit_tree, uniq_gastronok
Lair:3:   grunt_forest_large_clearings
Lair:4:   nicolae_swamp_entry_splash_gauntlet, beast_lair_carwin_3,
          grunt_megastairs_5, infiniplex_staircase_pool
Lair:5:   serial_forest, infiniplex_forest_clump_tiny,
          infiniplex_forest_clump_cross, infiniplex_forest_diagonal,
          infiniplex_forest_clump_double, infiniplex_forest_lined_room_3,
          infiniplex_forest_clump_large, infiniplex_forest_clump_small,
          serial_bayou_pond_c, wad_woods_02
Lair:6:   gammafunk_lair_ancient_temple, slime_dummy, grunt_megastairs_1
Swamp:1:  evilmike_swamp_ruin_rubble_1, swamp_pool1, uniq_aizul, uniq_donald
Swamp:2:  hangedman_swamp_pad
Swamp:3:  nicolae_swamp_round_clearing
Swamp:4:  swamp_pestilence, uniq_mara, uniq_jorgrun
Lab:      nicolae_lab_quarters, nicolae_lab_checkerboard,
          nicolae_lab_flowing_pool, lab_fountain, nicolae_lab_diamond
Ossuary:  ossuary_tomb_3
Bailey:   bailey_polearm_flooded_kennysheep, bailey

Skill      XL: |  1  2  3  4  5  6  7  8  9 10 11 12 13 14 15 16 |
---------------+-------------------------------------------------+-----
Maces & Flails | 3 4 6 8 9 11 13 14 16 | 16.0
Fighting       | 6 9 12 13 14 | 14.1
Armour         | 4 7 11 12 | 12.3
Invocations    | 7 11 12 | 12.0
Shields        | 7 9 13 14 | 14.7

Action                   |  1- 3 |  4- 6 |  7- 9 | 10-12 | 13-15 | 16-18 || total
-------------------------+-------+-------+-------+-------+-------+-------++-------
Melee: Flail             |   128 |   173 |   675 |   805 |       |       ||  1781
       Morningstar       |       |       |       |   101 |  2121 |   404 ||  2626
Throw: Tomahawk          |       |       |     3 |       |       |       ||     3
Invok: Greater Servant o |       |       |       |       |     2 |     2 ||     4
       Lesser Servant of |       |       |       |       |     3 |     2 ||     5
 Abil: Heal Wounds       |     2 |     3 |    17 |    26 |    13 |    26 ||    87
  Use: Potion            |       |     1 |     2 |     4 |     5 |     5 ||    17
       Scroll            |       |       |    17 |     4 |    20 |     4 ||    45
 Stab: Distracted        |       |       |       |       |     1 |       ||     1
  Eat: Chunk             |     1 |     2 |    17 |    10 |    35 |     2 ||    67
       Royal jelly       |       |       |     1 |       |     3 |       ||     4
       Bread ration      |       |       |       |     2 |     1 |     1 ||     4
       Meat ration       |       |       |       |       |     1 |       ||     1
Armor: Scale mail        |    65 |    63 |    70 |       |       |       ||   198
       Chain mail        |       |       |   220 |   447 |    28 |       ||   695
       Plate armour      |       |       |       |       |  1517 |   290 ||  1807
Dodge: Dodged            |    40 |    44 |   149 |   170 |   569 |   124 ||  1096
       Deflected         |       |       |    10 |    24 |     9 |     2 ||    45
Block: Shield            |    69 |    93 |   347 |   387 |  1500 |   374 ||  2770
       Large shield      |       |       |       |       |   546 |       ||   546
       Reflection        |       |       |       |       |     1 |     2 ||     3

Table legend:
 A = Spawn XP
 B = Non-spawn XP
 C = Spawn XP percentage of total XP
 D = Spawn monster count
 E = Non-spawn monster count
 F = Spawn count percentage of total count
 G = Total turns spent on level
                    A         B        C        D         E        F      G
               +---------+---------+-------+---------+---------+-------+---------
         Total |       0 |  162579 |   0.0 |       0 |     876 |   0.0 | 24398
               +---------+---------+-------+---------+---------+-------+---------
           D:1 |       0 |      90 |   0.0 |       0 |      32 |   0.0 |  1065
           D:2 |       0 |     422 |   0.0 |       0 |      41 |   0.0 |   712
           D:3 |       0 |     464 |   0.0 |       0 |      19 |   0.0 |   784
           D:4 |       0 |     381 |   0.0 |       0 |      13 |   0.0 |   735
           D:5 |       0 |     464 |   0.0 |       0 |      12 |   0.0 |   951
           D:6 |       0 |     638 |   0.0 |       0 |      19 |   0.0 |   739
           D:7 |       0 |    1076 |   0.0 |       0 |      25 |   0.0 |   860
           D:8 |       0 |    2041 |   0.0 |       0 |      32 |   0.0 |  1003
           D:9 |       0 |    3119 |   0.0 |       0 |      43 |   0.0 |  1047
          D:10 |       0 |    7002 |   0.0 |       0 |      87 |   0.0 |  1351
          D:11 |       0 |    4247 |   0.0 |       0 |      35 |   0.0 |  1172
          D:12 |       0 |    4981 |   0.0 |       0 |      35 |   0.0 |  1132
          D:13 |       0 |    6019 |   0.0 |       0 |      31 |   0.0 |   480
        Lair:1 |       0 |    5438 |   0.0 |       0 |      27 |   0.0 |   704
        Lair:2 |       0 |   10424 |   0.0 |       0 |      32 |   0.0 |   930
        Lair:3 |       0 |    9970 |   0.0 |       0 |      53 |   0.0 |   834
        Lair:4 |       0 |   10275 |   0.0 |       0 |      52 |   0.0 |  1107
        Lair:5 |       0 |    6622 |   0.0 |       0 |      26 |   0.0 |   902
        Lair:6 |       0 |   28983 |   0.0 |       0 |      80 |   0.0 |  1697
       Swamp:1 |       0 |   14948 |   0.0 |       0 |      35 |   0.0 |   851
       Swamp:2 |       0 |    7438 |   0.0 |       0 |      22 |   0.0 |   889
       Swamp:3 |       0 |   10872 |   0.0 |       0 |      30 |   0.0 |  1025
       Swamp:4 |       0 |   22458 |   0.0 |       0 |      36 |   0.0 |   851
           Lab |       0 |    1861 |   0.0 |       0 |       5 |   0.0 |  1446
       Ossuary |       0 |     171 |   0.0 |       0 |      16 |   0.0 |   254
        Bailey |       0 |    2175 |   0.0 |       0 |      38 |   0.0 |   689
               +---------+---------+-------+---------+---------+-------+---------
